Map: Newkirk Precinct TE (Void)

Players

Rodzyn - Winner!

  • Race: Protoss Protoss
  • League: Master
  • Spawn Location: 7:00

ArT - Winner!

  • Race: Protoss Protoss
  • League: Master
  • Spawn Location: 5:00

Incipit

  • Race: Zerg Zerg
  • League: Diamond

Ziven

  • Race: Zerg Zerg

VOD

Have the link to the VOD?

Description

Time

  • Played on: Nov. 26, 2016, 12:30 p.m.
  • Length: 8:42
Show
View Real Time Build Order
Export as new Build Order

Rodzyn Protoss - Winner!

Build Orders: 1 Gate Expand 

Get SALT Encoding   

  12  0:01  Probe (Chrono Boost)  
  13  0:11  Probe (Chrono Boost)  
  14  0:18  Pylon  
  14  0:22  Probe (Chrono Boost)  
  15  0:36  Probe (Chrono Boost)  
  15  0:39  Gateway  
  16  0:43  Assimilator  
  16  0:48  Probe (Chrono Boost)  
  17  0:58  Probe (Chrono Boost)  
  18  1:09  Probe (Chrono Boost)  
  19  1:22  Nexus  
  19  1:25  Probe (Chrono Boost)  
  20  1:36  Cybernetics Core  
  20  1:38  Probe (Chrono Boost)  
  21  1:44  Assimilator  
  21  1:49  Probe (Chrono Boost)  
  22  1:54  Pylon  
  22  1:59  Probe (Chrono Boost)  
  23  2:07  Warp Gate  
  23  2:13  Mothership Core (Chrono Boost)  
  25  2:16  Adept  
  27  2:31  Probe (Chrono Boost)  
  27  2:35  Probe (Chrono Boost)  
  29  2:38  Twilight Council  
  29  2:42  Probe (Chrono Boost)  
  30  2:45  Probe (Chrono Boost)  
  31  2:52  Probe (Chrono Boost)  
  31  2:56  Probe (Chrono Boost)  
  33  3:00  Robotics Facility  
  33  3:03  Probe (Chrono Boost)  
  34  3:06  Probe (Chrono Boost)  
  35  3:14  Probe (Chrono Boost)  
  35  3:17  Adept  
  35  3:18  Probe (Chrono Boost)  
  37  3:23  Gateway  
  37  3:26  Gateway  
  39  3:33  Pylon  
  39  3:36  Pylon  
  39  3:41  Sentry  
  39  3:57  Gateway  
  39  3:59  Pylon  
  39  4:02  Probe (Chrono Boost)  
  37  4:13  Gateway  
  37  4:16  Pylon  
  33  4:17  Sentry x2  
  33  4:19  Probe (Chrono Boost)  
  33  4:20  Probe (Chrono Boost)  
  38  4:33  Probe (Chrono Boost), Warp Prism  
  42  4:38  Probe (Chrono Boost)  
  42  4:44  Probe (Chrono Boost), Resonating Glaives  
  43  4:49  Probe (Chrono Boost)  
  44  4:56  Probe (Chrono Boost)  
  44  4:59  Probe (Chrono Boost), Gateway  
  46  5:00  Gateway  
  46  5:01  Gateway  
  46  5:09  Probe (Chrono Boost)  
  47  5:14  Probe (Chrono Boost)  
  47  5:19  Observer, Assimilator x2  
  50  5:21  Probe (Chrono Boost)  
  50  5:25  Probe (Chrono Boost)  
  51  5:30  Adept x3  
  51  5:34  Probe (Chrono Boost)  
  58  5:38  Gateway  
  58  5:40  Probe (Chrono Boost)  
  59  5:43  Sentry  
  59  5:46  Probe (Chrono Boost)  
  62  5:51  Probe (Chrono Boost)  
  62  5:52  Pylon  
  62  5:55  Immortal  
  64  5:58  Probe (Chrono Boost)  
  69  6:05  Probe (Chrono Boost)  
  69  6:06  Pylon  
  69  6:14  Sentry x2  
  73  6:19  Adept  
  73  6:20  Pylon, Adept  
  77  6:28  Stalker x2  
  81  6:37  Stalker x2  
  85  6:43  Pylon  
  85  6:59  Adept x4  
  93  7:02  Pylon  
  93  7:05  Pylon  
  93  7:07  Pylon  
  93  7:11  Pylon  
  93  7:17  Adept x2  
  93  7:18  Adept  
  99  7:26  Adept  
  99  7:34  Adept x4  
  107  7:39  Sentry x4  
  115  7:57  Stalker x4  
  121  8:09  Stalker x2  
  124  8:13  Stalker  
Show
View Real Time Build Order
Export as new Build Order

ArT Protoss - Winner!

Build Orders:  

Get SALT Encoding   

  12  0:00  Drone  
  13  0:13  Overlord  
  13  0:18  Drone  
  14  0:31  Drone x2  
  14  0:35  Drone  
  17  0:57  Hatchery, Drone  
  17  1:01  Drone  
  18  1:11  Extractor  
  18  1:16  Spawning Pool  
  16  1:20  Drone  
  16  1:23  Drone  
  18  1:28  Drone  
  19  1:41  Overlord  
  19  1:54  Drone  
  20  2:02  Queen  
  20  2:03  Zergling x2  
  23  2:08  Queen  
  23  2:12  Metabolic Boost  
  25  2:17  Zergling x4  
  25  2:20  Zergling x2  
  28  2:24  Zergling x2  
  29  2:32  Zergling x2  
  29  2:33  Zergling x2  
  31  2:38  Baneling Nest  
  31  2:43  Overlord  
  30  2:49  Zergling x2  
  31  2:52  Zergling x2  
  31  2:54  Zergling x2  
  33  3:03  Zergling x2  
  34  3:10  Zergling x8  
  37  3:18  Zergling x4  
  37  3:19  Zergling x2  
  40  3:25  Zergling x4  
  42  3:33  Zergling x2  
  42  3:42  Baneling x3  
  42  3:43  Baneling  
  42  3:45  Baneling x2  
  41  3:49  Zergling x2  
  41  3:50  Zergling x2  
  42  3:58  Overlord  
  42  3:59  Zergling x2  
  40  4:16  Zergling x2  
  34  4:26  Zergling x14  
  34  4:29  Zergling x2  
  39  4:32  Zergling x2  
  39  4:36  Zergling x2  
  41  4:41  Drone  
  41  4:43  Drone  
  43  4:46  Drone  
  44  4:53  Pneumatized Carapace  
  44  4:57  Drone  
  45  5:01  Drone  
  45  5:04  Drone  
  47  5:08  Drone  
  47  5:10  Drone  
  49  5:19  Lair  
  49  5:24  Overlord  
  49  5:28  Spore Crawler  
  48  5:41  Drone x3  
  48  5:42  Evolution Chamber, Drone  
  52  5:43  Drone  
  51  5:56  Overlord  
  50  5:58  Drone x3  
  50  5:59  Drone  
  53  6:06  Zergling x2  
  53  6:07  Zergling x6  
  57  6:19  Zergling x8  
  60  6:35  Overlord  
  59  6:47  Hatchery  
  55  6:53  Overlord x3  
  55  6:57  Baneling  
  55  6:58  Baneling x5  
  55  7:11  Zergling x16  
  55  7:13  Zergling x2  
  64  7:20  Zergling x2  
  64  7:21  Zergling x4  
  66  7:29  Zergling x2  
  65  7:30  Zergling x2  
  65  7:32  Zergling x2  
  53  7:53  Zergling x2  
  53  7:54  Zergling x10  
  56  8:00  Zergling x2  
  56  8:02  Hatchery  
Show
View Real Time Build Order
Export as new Build Order

Incipit Zerg 

Build Orders:  

Get SALT Encoding   

Show
View Real Time Build Order
Export as new Build Order

Ziven Zerg 

Build Orders:  

Get SALT Encoding   

Tags
 
Add a new tag
Caveats
  • Supply blocks, unpowered buildings, or Contaminate may cause inaccurate times.
  • Supply counts are checked every 10 seconds.